 Dungeon Crawl Stone Soup version 0.25-a0-1133-g93ebf739aa (webtiles) character file.

Game seed: 11218813056628744768, levelgen mode: deterministic

245 Flugslaktarn the Skirmisher (level 6, 0/39 HPs)
             Began as a Gargoyle Fighter on May 20, 2020.
             Killed by divine providence
             ... invoked by an orc priest
              (13 damage)
             ... on level 4 of the Dungeon.
             The game lasted 00:04:20 (928 turns).

Flugslaktarn the Skirmisher (Gargoyle Fighter)       Turns: 928, Time: 00:04:21

Health: 0/39       AC: 12    Str: 21    XL:     6   Next: 10%
Magic:  6/6        EV:  7    Int:  9    God:
Gold:   100        SH:  9    Dex:  9    Spells: 5/5 levels left

rFire    . . .     SeeInvis .   a - +0 war axe
rCold    . . .     Gourm    .   c - +0 kite shield
rNeg     + . .     Faith    .   b - +0 scale mail
rPois    ∞         Spirit   .   i - +0 helmet
rElec    +         Reflect  .   (no cloak)
rCorr    .         Harm     .   (no gloves)
MR       +....                  (no boots)
Stlth    +.........             (no amulet)
HPRegen  0.13/turn              (no ring)
MPRegen  0.10/turn              (no ring)

@: hasted, very quick
A: camouflage 1, magic resistance 1, mutation resistance 1, negative energy
resistance 1, electricity resistance, unbreathing, petrification resistance, rot
immunity, AC +4
a: no special abilities


You were on level 4 of the Dungeon.
You were not hungry.

You visited 1 branch of the dungeon, and saw 5 of its levels.

You collected 100 gold pieces.

Inventory:

Hand Weapons
 a - a +0 war axe (weapon)
Armour
 b - a +0 scale mail (worn)
 c - a +0 kite shield (worn)
 i - a +0 helmet (worn)
   (You found it on level 2 of the Dungeon)
Scrolls
 f - a scroll of remove curse {unknown}
 h - a scroll of identify {unknown}
Comestibles
 e - 8 rations


   Skills:
 + Level 4.4 Fighting
 * Level 3.7 Axes
 + Level 4.3 Armour
 + Level 4.3 Shields


You had 5 spell levels left.
You didn't know any spells.
Your spell library was empty.

Dungeon Overview and Level Annotations

Branches:
Dungeon (5/15)
 Temple: D:4-7

Altars:
Nemelex Xobeh
Qazlal
Uskayaw


Innate Abilities, Weirdness & Mutations

You are resistant to torment.
Your stone body is resilient. (AC +4)
You are immune to poison.
You resist negative energy. (rN+)
You are resistant to electric shocks. (rElec)
You can survive without breathing.
You are immune to petrification.
You are immune to rotting.
Your skin changes colour to match your surroundings (Stealth+).
You are resistant to hostile enchantments. (MR+)
You are somewhat resistant to further mutation.


Message History

The magic dart hits you but does no damage.
You hit the orc priest but do no damage.
You closely miss the orc wizard.
The orc priest hits you but does no damage.
The orc wizard closely misses you.
You hit the orc priest.
The orc priest is heavily wounded.
You closely miss the orc wizard. The orc priest hits you.
The orc wizard hits you but does no damage.
You hit the orc priest.
The orc priest is heavily wounded.
You closely miss the orc wizard. The orc priest hits you.
The orc wizard casts a spell at you.
The magic dart hits you but does no damage.
You hit the orc priest.
The orc priest is almost dead.
You barely miss the orc wizard.
The orc priest calls down the wrath of Beogh upon you.
Beogh smites you!
You die...

## ### #. .##.
###..##. .... #.......
..... #.......##
#..... #
#....#...##...... ###.
##..##..†#.....#.
.....#...##..@o......#
..........####o.##..#
o...ooo>...#...##
####....#.....o#
#..........##
###....o.......
#.......#.###.#
#?.....#### #....###


You could see an orc priest and 2 orc wizards.

Vanquished Creatures
  A crimson imp (D:3)
  2 orc priests
  3 orc wizards (D:5)
  An adder (D:5)
  A shadow imp (D:5)
  An ooze (D:4)
  A worm (D:2)
  3 leopard geckos
  9 orcs
  4 giant cockroaches
  3 goblins
  A hobgoblin (D:1)
  A quokka (D:3)
  3 bats
  A frilled lizard (D:1)
  A kobold (D:2)
  4 rats
40 creatures vanquished.

Notes
Turn   | Place    | Note
-------+----------+-------------------------------------------
     0 | D:1      | Flugslaktarn the Gargoyle Fighter began the quest for the
                  | Orb.
     0 | D:1      | Reached XP level 1. HP: 14/14 MP: 1/1
   179 | D:1      | Reached XP level 2. HP: 10/19 MP: 2/2
   275 | D:3      | Noticed a crimson imp
   288 | D:3      | Reached XP level 3. HP: 13/24 MP: 3/3
   291 | D:3      | Reached XP level 4. HP: 14/29 MP: 4/4
   330 | D:2      | Found a stormy altar of Qazlal.
   499 | D:4      | Reached XP level 5. HP: 10/33 MP: 5/5
   503 | D:4      | Noticed an ogre
   669 | D:3      | You fall into a shaft and drop 2 floors!
   669 | D:5      | Entered Level 5 of the Dungeon
   690 | D:5      | Found a hide-covered altar of Uskayaw.
   750 | D:5      | Found a sparkling altar of Nemelex Xobeh.
   762 | D:5      | Reached XP level 6. HP: 25/39 MP: 6/6
   906 | D:4      | Gained mutation: You are resistant to hostile enchantments.
                  | (MR+) [potion of mutation]
   906 | D:4      | Gained mutation: Your skin changes colour to match your
                  | surroundings (Stealth+). [potion of mutation]
   906 | D:4      | Gained mutation: You are somewhat resistant to further
                  | mutation. [potion of mutation]
   928 | D:4      | Killed from afar by an orc priest

Illustrated notes

Levels and vault maps discovered:
D:1:      minmay_arrival_stair_chambers, layout_basic
D:2:      layout_loops_ring, lemuel_coloured_pillars_altar, lemuel_doored_altar,
          chequers_arboretum
D:3:      layout_loops_ring, chequers_ecumenical_altar_twisty
D:4:      layout_cave_pools, marbit_many_paths, first_ration, uniq_edmund
D:5:      layout_cave_pools, eat_drink_and_be_merry_uskayaw, old_standard_altar,
          gammafunk_ghost_smash, minmay_diced_spiral, uniq_duvessa,
          uniq_prince_ribbit1

Skill      XL: |  1  2  3  4 |
---------------+-------------+-----
Axes           | 2 3 |  3.7
Fighting       | 4 |  4.4
Armour         | 4 |  4.3
Shields        | 4 |  4.3

Action                   |  1- 3 |  4- 6 || total
-------------------------+-------+-------++-------
Melee: War axe           |    61 |    79 ||   140
  Use: Potion            |     1 |     4 ||     5
       Scroll            |       |     1 ||     1
Armor: Scale mail        |    50 |    64 ||   114
Dodge: Dodged            |    31 |    24 ||    55
Block: Kite shield       |    48 |    47 ||    95

Table legend:
 A = Non-vault XP
 B = Vault XP
 C = Vault XP percentage of total XP
 D = Non-vault monster count
 E = Vault monster count
 F = Vault count percentage of total count
                 A         B        C        D         E       F
            +---------+---------+-------+---------+---------+-------
      Total |     351 |       0 |   0.0 |      40 |       0 |   0.0
            +---------+---------+-------+---------+---------+-------
        D:1 |      11 |       0 |   0.0 |       7 |       0 |   0.0
        D:2 |      11 |       0 |   0.0 |       5 |       0 |   0.0
        D:3 |     114 |       0 |   0.0 |      12 |       0 |   0.0
        D:4 |      62 |       0 |   0.0 |       7 |       0 |   0.0
        D:5 |     153 |       0 |   0.0 |       9 |       0 |   0.0
            +---------+---------+-------+---------+---------+-------
